[Event "Titled Tuesday Blitz November 07 Early 2023"]
[White "Feliz Dotel, Dewar Bienvenido"]
[Black "Shapiro, Daniel"]
[WhiteFideId "6402801"]
[BlackFideId "2001780"]
[WhiteElo "2125"]
[BlackElo "2329"]
[Result "1-0"]
[Round "5"]
[TimeControl "180+1"]
[Date "2023.11.07"]
[WhiteClock "0:00:03"]
[BlackClock "0:00:00"]
[Board "203"]

1. d4 Nf6 2. e3 g6 3. Nf3 Bg7 4. Be2 O-O 5. b4 d6 6. Bb2 Nbd7 7. c4 e5 8. Nc3 e4 9. Nd2 Re8 10. O-O c6 11. Qc2 d5 12. b5 Nf8 13. a3 Bf5 14. a4 h5 15. a5 a6 16. bxc6 bxc6 17. cxd5 cxd5 18. Nb3 Ne6 19. Na4 Qb8 20. Nb6 Ra7 21. Nc5 Ng4 22. Bxg4 hxg4 23. Rab1 Ng5 24. g3 Nf3+ 25. Kg2 Qd6 26. Qa4 Rf8 27. Ba3 Qd8 28. Nxa6 Rxa6 29. Bxf8 Bxf8 30. Rbc1 Qxb6 31. axb6 Rxa4 32. b7 Bd6 33. Rc8+ Kg7 34. Rd8 Bc7 35. Rc1 Bxd8 36. b8=Q Bf6 37. Qb5 Ra2 38. Qxd5 Ng5 39. Qxa2 Nh3 40. Rc7 Ng5 41. Qa7 Kh6 42. d5 Be5 43. Rxf7 Nxf7 44. Qxf7 Bd6 45. Qe8 Kg7 46. Qd8 Be5 47. d6 Bf6 48. Qc7+ Kf8 49. d7 1-0


[Site "https://www.chess.com"]

[Event "Titled Tuesday Blitz November 07 Early 2023"]
[White "katharinareinecke"]
[Black "Buscar, Michael"]
[BlackFideId "2603616"]
[WhiteElo "1892"]
[BlackElo "2314"]
[Result "1-0"]
[Round "5"]
[TimeControl "180+1"]
[Date "2023.11.07"]
[WhiteClock "0:00:41"]
[BlackClock "0:00:00"]
[Board "204"]

1. d4 f5 2. c4 g6 3. Nf3 Bg7 4. g3 e6 5. Bg2 Nf6 6. O-O O-O 7. Nc3 d6 8. Qc2 Nc6 9. Rd1 Ne7 10. e4 d5 11. e5 Ne4 12. c5 Nxc3 13. bxc3 Bd7 14. a4 h6 15. a5 Bb5 16. Ba3 c6 17. Nd2 Qxa5 18. Bb4 Qc7 19. c4 dxc4 20. Nxc4 Bxc4 21. Qxc4 Qd7 22. Bc3 Nd5 23. Bxd5 Qxd5 24. Qxd5 exd5 25. Rdb1 Rf7 26. Rb3 Rd7 27. Rba3 a6 28. Ba5 Re8 29. Rb1 Kf7 30. Rab3 Ree7 31. f4 Ke6 32. Kf2 Rf7 33. Kf3 Bf8 34. Bb6 Be7 35. Ba5 Bf8 36. h3 Bg7 37. g4 fxg4+ 38. hxg4 h5 39. gxh5 1-0


[Site "https://www.chess.com"]

[Event "Titled Tuesday Blitz November 07 Early 2023"]
[White "Estrada Nieto, Julian"]
[Black "Sailer, Mike"]
[WhiteFideId "5101018"]
[BlackFideId "2012901"]
[WhiteElo "2471"]
[BlackElo "2071"]
[Result "1-0"]
[Round "5"]
[TimeControl "180+1"]
[Date "2023.11.07"]
[WhiteClock "0:00:04"]
[BlackClock "0:00:00"]
[Board "205"]

1. e4 g6 2. d4 Bg7 3. Nf3 c5 4. d5 d6 5. Nc3 Bg4 6. Bb5+ Nd7 7. a4 Nf6 8. O-O O-O 9. h3 Bxf3 10. Qxf3 a6 11. Be2 b6 12. Qg3 Ne8 13. Qh4 Nc7 14. Bh6 Re8 15. Bxg7 Kxg7 16. f4 Rb8 17. Bg4 Nf6 18. Qg3 Nxg4 19. hxg4 b5 20. axb5 axb5 21. g5 b4 22. Nd1 Nb5 23. Ne3 Nd4 24. Qh4 b3 25. cxb3 Rxb3 26. Ng4 Ne2+ 27. Kh2 Ng3 28. Rf3 Rxf3 29. gxf3 Nh5 30. f5 Qb6 31. f6+ exf6 32. gxf6+ Kh8 33. Qf2 Rb8 34. Kh3 h6 35. Nxh6 Kh7 36. Nxf7 Qxb2 37. Qxb2 Rxb2 38. Nxd6 Nxf6 39. Ra7+ Kh6 40. Nf7+ Kh5 41. d6 Rd2 42. Ra5 g5 43. Rxc5 Kg6 44. Nxg5 Rxd6 45. Kg3 Rd1 46. e5 Nh5+ 47. Kf2 Kf5 48. Ne4 Nf4 49. Nd6+ Ke6 50. Ra5 Nd3+ 51. Ke2 Nb2 52. Rb5 Rb1 53. Nc4 Nxc4 54. Rxb1 Nxe5 55. Rh1 Kf5 56. Kf2 Ng6 57. Kg3 Nf4 58. Ra1 Ne2+ 59. Kf2 Nd4 60. Ra5+ Kf4 61. Ra4 Ke5 62. Rxd4 Kxd4 63. Kg3 Ke5 64. Kg4 Ke6 65. Kg5 Ke7 66. Kg6 Kf8 67. Kf6 1-0


[Site "https://www.chess.com"]

[Event "Titled Tuesday Blitz November 07 Early 2023"]
[White "Filip, Andrei"]
[Black "Kiseljova, Marya"]
[WhiteFideId "1249452"]
[BlackFideId "4155009"]
[WhiteElo "2391"]
[BlackElo "2221"]
[Result "1-0"]
[Round "5"]
[TimeControl "180+1"]
[Date "2023.11.07"]
[WhiteClock "0:00:40"]
[BlackClock "0:00:01"]
[Board "207"]

1. c4 e6 2. Nf3 d5 3. e3 c5 4. b3 Nf6 5. Bb2 Be7 6. cxd5 exd5 7. Bb5+ Nbd7 8. O-O O-O 9. d4 a6 10. Be2 b5 11. dxc5 Nxc5 12. Nd4 Bb7 13. Nf5 Re8 14. Nxe7+ Qxe7 15. Nd2 Rad8 16. Nf3 Nfe4 17. Rc1 Ne6 18. Nd4 Qg5 19. Nxe6 Rxe6 20. Rc7 Rg6 21. Bf3 Bc6 22. Qc2 Bd7 23. Rd1 Bf5 24. Qe2 Bh3 25. g3 h6 26. Qd3 Bf5 27. Qd4 Re8 28. Qxd5 Rd6 29. Qxf7+ Kh7 30. Qxg7+ Qxg7 31. Rxg7+ Kh8 32. Re7+ Kg8 33. Rxe8+ Kf7 34. Rxd6 Nxd6 35. Rd8 Ke7 36. Rh8 Nf7 37. Ra8 Bd3 38. Ra7+ Ke6 39. Bd5+ Kxd5 40. Rxf7 a5 41. Rf6 Kc5 42. Rxh6 a4 43. bxa4 bxa4 44. a3 Kc4 45. Bg7 Kb3 46. Bf8 Kc2 47. h4 Kd2 48. Rd6 1-0


[Site "https://www.chess.com"]

[Event "Titled Tuesday Blitz November 07 Early 2023"]
[White "Hartikainen, Jarmo"]
[Black "Mayaud, Raphael"]
[WhiteFideId "503134"]
[BlackFideId "627151"]
[WhiteElo "2181"]
[BlackElo "2346"]
[Result "0-1"]
[Round "5"]
[TimeControl "180+1"]
[Date "2023.11.07"]
[WhiteClock "0:00:05"]
[BlackClock "0:00:17"]
[Board "208"]

1. e4 c5 2. c3 d5 3. exd5 Qxd5 4. d4 Nf6 5. Nf3 Nc6 6. Na3 Qd8 7. Bb5 e6 8. O-O Bd7 9. Nc2 a6 10. Bd3 Be7 11. dxc5 Bxc5 12. Be3 Qb6 13. Bxc5 Qxc5 14. Qe2 O-O 15. h3 Rfe8 16. Rfe1 Rad8 17. Ne5 Nxe5 18. Qxe5 Qxe5 19. Rxe5 Bc6 20. Nb4 Bd7 21. Rd1 Bc8 22. Ree1 Kf8 23. g3 Bd7 24. Bf1 a5 25. Nc2 Bc6 26. Bg2 Bxg2 27. Kxg2 Ke7 28. Ne3 g6 29. Rxd8 Rxd8 30. Rd1 Rxd1 31. Nxd1 Kd6 32. Kf3 a4 33. b3 b5 34. Ne3 Kc5 35. g4 a3 36. Nc2 Nd5 37. Nxa3 Nxc3 38. Kf4 f6 39. g5 e5+ 40. Ke3 f5 41. f4 e4 42. Nc2 Nxa2 43. Kd2 Nb4 44. Ne3 Nd5 45. Nc2 Nxf4 46. Ke3 Nd5+ 47. Kd2 f4 48. h4 Nb4 49. Na3 Nc6 50. Ke2 Nd4+ 51. Kf2 Nxb3 52. h5 gxh5 53. Ke2 h4 54. Kf2 Nd4 55. Kg2 b4 56. Nb1 Kc4 57. Nd2+ Kd3 58. Nb3 Nxb3 59. Kf2 Nd4 60. Kg2 b3 61. g6 hxg6 62. Kh3 g5 63. Kg4 b2 64. Kxg5 b1=Q 65. Kxh4 f3 66. Kg3 f2 67. Kxf2 e3+ 68. Kg3 e2 69. Kf4 e1=Q 70. Kg4 Qe4+ 71. Kg3 Qg1+ 72. Kh3 Qeg4# 0-1


[Site "https://www.chess.com"]

[Event "Titled Tuesday Blitz November 07 Early 2023"]
[White "Prohorov, Olexandr"]
[Black "Smirnov, Timofey"]
[WhiteFideId "14105578"]
[BlackFideId "24176427"]
[WhiteElo "2324"]
[BlackElo "2158"]
[Result "0-1"]
[Round "5"]
[TimeControl "180+1"]
[Date "2023.11.07"]
[WhiteClock "0:00:00"]
[BlackClock "0:00:12"]
[Board "209"]

1. e4 e5 2. Nf3 Nf6 3. d4 Nxe4 4. Bd3 Nc6 5. O-O d5 6. Re1 Be7 7. c4 Nxd4 8. cxd5 Nxf3+ 9. Qxf3 Nf6 10. Rxe5 O-O 11. Nc3 Bd6 12. Re1 Bg4 13. Qe3 Re8 14. Qd2 Qd7 15. Rxe8+ Rxe8 16. Bf1 Bb4 17. h3 Bh5 18. a3 Bxc3 19. Qxc3 Nxd5 20. Qb3 Nb6 21. Be3 Qe6 22. Qb5 Bg6 23. Rc1 c6 24. Qa5 Nd5 0-1


[Site "https://www.chess.com"]

[Event "Titled Tuesday Blitz November 07 Early 2023"]
[White "Pumpkin_in_moonlight"]
[Black "Vila Dupla, Aurelio"]
[BlackFideId "2203383"]
[WhiteElo "2312"]
[BlackElo "2157"]
[Result "1-0"]
[Round "5"]
[TimeControl "180+1"]
[Date "2023.11.07"]
[WhiteClock "0:00:29"]
[BlackClock "0:00:00"]
[Board "210"]

1. e4 c5 2. Nf3 d6 3. Bb5+ Nd7 4. O-O a6 5. Be2 Ngf6 6. Nc3 g6 7. d4 cxd4 8. Nxd4 Bg7 9. Be3 O-O 10. f4 Nc5 11. Bf3 e5 12. fxe5 dxe5 13. Nc6 bxc6 14. Bxc5 Re8 15. Qxd8 Rxd8 16. Rad1 Be6 17. b3 Bf8 18. Na4 Nd7 19. Bxf8 Kxf8 20. Rd6 Ke7 21. Rxc6 Rdc8 22. Rxc8 Rxc8 23. c4 Nf6 24. Rd1 Bd7 25. Nb6 Rd8 26. Nd5+ Nxd5 27. exd5 Rc8 28. Kf2 a5 29. Rc1 Kd6 30. a3 f5 31. b4 e4 32. Be2 axb4 33. axb4 Ra8 34. Ke3 Ke5 35. g3 Ra3+ 36. Kf2 g5 37. c5 Kxd5 38. Rd1+ Ke6 39. b5 f4 40. Bg4+ Ke5 41. Bxd7 Ra2+ 42. Kg1 f3 43. Rf1 Kd4 44. c6 Rc2 45. Bg4 Ke3 46. Re1+ 1-0


[Site "https://www.chess.com"]

[Event "Titled Tuesday Blitz November 07 Early 2023"]
[White "Zampronha, Wladimir Camilo"]
[Black "Petersson, Kjell"]
[WhiteFideId "2103087"]
[BlackFideId "1705148"]
[WhiteElo "2310"]
[BlackElo "2140"]
[Result "1-0"]
[Round "5"]
[TimeControl "180+1"]
[Date "2023.11.07"]
[WhiteClock "0:01:24"]
[BlackClock "0:00:11"]
[Board "211"]

1. e4 c5 2. Nf3 d6 3. d4 cxd4 4. Nxd4 Nf6 5. Nc3 g6 6. Be3 Bg7 7. f3 O-O 8. Qd2 Nc6 9. Bc4 Nd7 10. O-O-O Nb6 11. Be2 Na5 12. Bg5 Nbc4 13. Bxc4 Nxc4 14. Qe2 Nxb2 15. Kxb2 Bxd4 16. Rxd4 Qb6+ 17. Nb5 a6 18. Bxe7 Re8 19. Rxd6 Qxb5+ 20. Qxb5 axb5 21. Bf6 Be6 22. Ra1 Ra6 23. Rxa6 bxa6 24. Rd1 Rc8 25. Rd6 a5 26. a3 a4 27. f4 h5 28. Rb6 Bc4 29. f5 Re8 30. h3 gxf5 31. exf5 Kh7 32. g4 hxg4 33. hxg4 Re4 34. Rb8 1-0


[Site "https://www.chess.com"]

[Event "Titled Tuesday Blitz November 07 Early 2023"]
[White "Fernandez Hernandez, Gerardo"]
[Black "Osmonbekov, Talaibek"]
[WhiteFideId "2207400"]
[BlackFideId "2017253"]
[WhiteElo "2123"]
[BlackElo "2302"]
[Result "0-1"]
[Round "5"]
[TimeControl "180+1"]
[Date "2023.11.07"]
[WhiteClock "0:00:01"]
[BlackClock "0:00:41"]
[Board "212"]

1. e4 c5 2. Nc3 Nc6 3. f4 g6 4. Nf3 Bg7 5. a3 e6 6. b4 b6 7. e5 d5 8. d4 cxd4 9. Nxd4 Nge7 10. Ncb5 O-O 11. Nd6 Nxd4 12. Qxd4 Nf5 13. Nxf5 exf5 14. Bb5 f6 15. e6 Bxe6 16. O-O Rc8 17. Re1 Bf7 18. Re2 Qc7 19. Bb2 Rcd8 20. Rae1 Rd7 21. Bxd7 Qxd7 22. Re7 Qa4 23. Qd3 h5 24. Rc7 a5 25. Ree7 axb4 26. Rxf7 Rxf7 27. Qxd5 Qe8 28. Qxf7+ Qxf7 29. Rxf7 Kxf7 30. axb4 Bf8 31. Bd4 b5 32. c3 Bd6 33. g3 g5 34. Be3 gxf4 35. gxf4 Ke6 36. Kf2 Kd5 37. Kf3 Kc4 38. Bd4 Bxb4 39. Bxf6 Bxc3 40. Be7 b4 41. Kg3 b3 42. Ba3 Be1+ 43. Kh3 Kc3 44. Kg2 b2 45. Bxb2+ Kxb2 46. Kf1 Bd2 47. Ke2 Bxf4 48. Kf3 Bxh2 0-1


[Site "https://www.chess.com"]

[Event "Titled Tuesday Blitz November 07 Early 2023"]
[White "Latreche, Khadidja"]
[Black "Martin, Lewis"]
[WhiteFideId "7901780"]
[BlackFideId "410551"]
[WhiteElo "2123"]
[BlackElo "2278"]
[Result "0-1"]
[Round "5"]
[TimeControl "180+1"]
[Date "2023.11.07"]
[WhiteClock "0:00:39"]
[BlackClock "0:01:16"]
[Board "213"]

1. e4 c6 2. d4 d5 3. Nc3 dxe4 4. Nxe4 Bf5 5. Ng3 Bg6 6. Nf3 Nd7 7. Bd3 Bxd3 8. Qxd3 Ngf6 9. Bf4 e6 10. O-O Be7 11. Rfe1 O-O 12. Rad1 Nd5 13. Bc1 Qc7 14. c4 Nf4 15. Qe4 Ng6 16. d5 cxd5 17. cxd5 Nf6 18. Qa4 Nxd5 19. h4 Bc5 20. h5 Qxg3 21. hxg6 Bxf2+ 22. Kf1 hxg6 23. Re2 Bb6 24. Rd3 Rac8 25. Bd2 Rfd8 26. Ne5 Qh2 27. Rh3 Qg1# 0-1


[Site "https://www.chess.com"]

[Event "Titled Tuesday Blitz November 07 Early 2023"]
[White "Djordjevic, Dejan N"]
[Black "LionKing2367890"]
[WhiteFideId "913316"]
[WhiteElo "2057"]
[BlackElo "2251"]
[Result "1-0"]
[Round "5"]
[TimeControl "180+1"]
[Date "2023.11.07"]
[WhiteClock "0:02:23"]
[BlackClock "0:02:08"]
[Board "214"]

1. e4 e5 2. Nf3 Nc6 3. Bc4 Bc5 4. c3 Nf6 5. d3 a6 6. O-O O-O 7. Re1 Ba7 8. Bb3 d6 9. Nbd2 Re8 10. Nf1 Ne7 11. Ng3 Ng6 12. h3 c6 13. a4 Qc7 14. d4 Bd7 15. Bg5 Rad8 16. Qd2 Bc8 17. Bxf6 gxf6 18. Nh5 Qe7 19. Qh6 1-0


[Site "https://www.chess.com"]

[Event "Titled Tuesday Blitz November 07 Early 2023"]
[White "Kuchava, Ana"]
[Black "ChessDojo"]
[WhiteFideId "13605348"]
[WhiteElo "2250"]
[BlackElo "2113"]
[Result "0-1"]
[Round "5"]
[TimeControl "180+1"]
[Date "2023.11.07"]
[WhiteClock "0:00:00"]
[BlackClock "0:00:50"]
[Board "215"]

1. d4 d5 2. Nf3 Nf6 3. c4 c6 4. Qb3 e6 5. Bg5 Nbd7 6. e3 Be7 7. Nc3 h6 8. Bh4 O-O 9. Bd3 dxc4 10. Bxc4 Nd5 11. Bg3 Bb4 12. O-O N7b6 13. Bd3 a5 14. a3 a4 15. Qc2 Bd6 16. e4 Bxg3 17. hxg3 Nf6 18. Rfd1 Qe7 19. Rac1 c5 20. Nb5 cxd4 21. Nfxd4 Bd7 22. Qe2 Bxb5 23. Nxb5 Rfc8 24. Qe3 Nfd7 25. Be2 Qf6 26. Nd6 Rxc1 27. Qxc1 Qe5 28. Nxb7 Rb8 29. Nd6 Nf6 30. Bf3 Nbd7 31. Rd2 Qa5 32. Qc2 Ne5 33. Be2 Qb6 34. Kf1 Qb3 35. Qxb3 Rxb3 36. Nb5 Nxe4 37. Rd8+ Kh7 38. Nd4 Rxb2 39. f4 Ng6 40. Bd3 Nxg3+ 0-1


[Site "https://www.chess.com"]

[Event "Titled Tuesday Blitz November 07 Early 2023"]
[White "parintele_chess"]
[Black "abelmat"]
[WhiteElo "2229"]
[BlackElo "1973"]
[Result "1-0"]
[Round "5"]
[TimeControl "180+1"]
[Date "2023.11.07"]
[WhiteClock "0:00:59"]
[BlackClock "0:00:02"]
[Board "216"]

1. d4 Nf6 2. Bf4 d5 3. Nf3 c5 4. e3 Nc6 5. Nbd2 Qb6 6. dxc5 Qxc5 7. Nb3 Qb6 8. Be2 Bf5 9. O-O e6 10. a4 h6 11. a5 Qd8 12. a6 bxa6 13. Rxa6 Nb4 14. Bb5+ Nd7 15. Ne5 Nxa6 16. Bxd7+ Qxd7 17. Nxd7 Kxd7 18. Qe2 Nc7 19. Nd4 Bd6 20. Bxd6 Kxd6 21. Nxf5+ exf5 22. Qd3 g6 23. c4 Ke7 24. cxd5 Rad8 25. Qa3+ Kf6 26. Qc3+ Ke7 27. Qxc7+ Rd7 28. Qe5+ Kd8 29. Qxh8+ Kc7 30. Rc1+ 1-0


[Site "https://www.chess.com"]

[Event "Titled Tuesday Blitz November 07 Early 2023"]
[White "Oparin, Grigoriy"]
[Black "Duda, Jan-Krzysztof"]
[WhiteFideId "24125890"]
[BlackFideId "1170546"]
[WhiteElo "2997"]
[BlackElo "3083"]
[Result "1/2-1/2"]
[Round "6"]
[TimeControl "180+1"]
[Date "2023.11.07"]
[WhiteClock "0:00:17"]
[BlackClock "0:00:09"]
[Board "1"]

1. c4 c5 2. Nf3 Nf6 3. Nc3 Nc6 4. d4 cxd4 5. Nxd4 e6 6. e4 Bb4 7. Nxc6 dxc6 8. Bd3 e5 9. O-O O-O 10. h3 Qe7 11. Na4 Rd8 12. Qe2 Nh5 13. a3 Ba5 14. b4 Bc7 15. Qxh5 Rxd3 16. Qe2 Rd8 17. Be3 Qh4 18. f3 Rd6 19. Qf2 Qh5 20. Rad1 Be6 21. Rxd6 Bxd6 22. Rd1 Bf8 23. Bc5 Bxc4 24. Bxf8 Bb3 25. Rd7 Bxa4 26. Bd6 b6 27. Re7 Qg5 28. Qb2 f6 29. Qa2+ Kh8 30. Qf7 h6 31. Rxa7 Rxa7 32. Qxa7 Bd1 33. Kh1 Qe3 34. Bf8 Qg5 35. Qxb6 Ba4 36. Qc5 Bb5 37. Kh2 h5 38. Qf2 Qf4+ 39. Qg3 Qxg3+ 40. Kxg3 Kg8 41. Bc5 Kf7 42. h4 g5 43. Kh3 Kg6 44. Bb6 Kf7 45. Bd8 gxh4 46. Kxh4 Kg6 47. Kg3 Ba4 48. Kf2 Bb5 49. Ke3 h4 50. Kf2 Kg5 51. g3 hxg3+ 52. Kxg3 Kg6 53. Kf2 Kf7 54. Ke3 Ke6 55. Kd2 f5 56. Bc7 fxe4 57. fxe4 Ba4 58. Kc3 Bb5 59. Bb8 Kf6 60. Kb3 Ke6 61. a4 Bd3 62. a5 Bb5 63. Kc3 Ba6 64. Kd2 Bb5 65. Ke3 Kf6 66. Bd6 Ke6 67. Bc5 Kf6 68. Kf3 Ke6 69. Kg4 Kf6 70. Kh5 Bd3 71. Kh6 Bb5 72. Kh7 Bc4 73. Kh8 Kf7 74. Bd6 Bd3 75. Bxe5 c5 76. bxc5 Bxe4 77. a6 Ke6 78. Bc7 Kd7 79. Bb6 Bd3 80. a7 Be4 81. Kg7 Bc6 82. Kf6 Be4 83. Ke5 Bg2 84. Kd4 Kc8 85. Ke5 Kb7 86. Kd4 Ka8 87. Ke5 Bb7 88. Kd4 Bc6 89. Ke5 Bb7 90. Kd4 Bc6 91. Ke5 Bb7 1/2-1/2


[Site "https://www.chess.com"]

[Event "Titled Tuesday Blitz November 07 Early 2023"]
[White "Aravindh, Chithambaram VR."]
[Black "Pranav, V"]
[WhiteFideId "5072786"]
[BlackFideId "25060783"]
[WhiteElo "2935"]
[BlackElo "3067"]
[Result "1/2-1/2"]
[Round "6"]
[TimeControl "180+1"]
[Date "2023.11.07"]
[WhiteClock "0:00:02"]
[BlackClock "0:00:02"]
[Board "2"]

1. b3 e5 2. Bb2 Nc6 3. c4 Nf6 4. Nf3 d6 5. e3 g6 6. Be2 Bg7 7. d4 O-O 8. O-O exd4 9. Nxd4 Bd7 10. Nc3 Re8 11. Bf3 Nxd4 12. Qxd4 Bc6 13. Nd5 Bxd5 14. cxd5 a5 15. Rfc1 a4 16. bxa4 b6 17. Qc4 Re7 18. Rc2 Ra7 19. Rac1 Nd7 20. Bxg7 Kxg7 21. Qd4+ f6 22. a5 Rxa5 23. Rxc7 Nc5 24. Rxe7+ Qxe7 25. Rb1 Rxa2 26. Rxb6 Ra4 27. Rb4 Ra2 28. g3 Qa7 29. Rb1 Qa5 30. h4 Rd2 31. Qa1 Ra2 32. Qd4 Rxf2 33. Kxf2 Qa2+ 34. Rb2 Qxb2+ 35. Qxb2 Nd3+ 36. Ke2 Nxb2 37. Kd2 Nc4+ 38. Ke2 Ne5 39. e4 Kf7 40. Ke3 Ke7 41. Be2 Kd7 42. Kd4 Kc7 43. Kc3 Kb6 44. Kb4 h6 45. Bf1 g5 46. hxg5 fxg5 47. Be2 Kc7 48. Kc3 Kb6 49. Kb4 Nd7 50. Kc4 Kc7 51. Kc3 Ne5 52. Bd1 Kd7 53. Kd2 Ke7 54. Ke3 Kf6 55. Be2 Kg6 56. g4 Kf6 57. Kd4 Ng6 58. Bd1 Nf4 59. Bf3 Ng6 60. Bd1 Nf8 61. Be2 Nd7 62. Bd1 Ke7 63. Kc3 Kd8 64. Kb4 Kc7 65. Kb5 Kb7 66. Be2 Nf6 67. Bf3 Kc7 68. Ka5 Nd7 69. Kb5 Ne5 70. Be2 Kd7 71. Kb4 Ke7 72. Kb5 Kf6 73. Kb6 Ng6 74. Kc7 Ke5 75. Kd7 Nf4 76. Bf3 Nd3 77. Ke7 Nf2 78. Kf7 Kf4 79. Bg2 Nxg4 80. Ke6 Ne3 81. Kxd6 Nxg2 82. e5 Ne3 83. e6 g4 84. Kc6 Nf5 85. d6 g3 86. e7 g2 87. e8=Q g1=Q 88. d7 Qc1+ 89. Kb6 Qb2+ 90. Kc6 Qc3+ 91. Kb6 Qb4+ 92. Kc7 Qc5+ 93. Kb8 Qb6+ 94. Ka8 Qc6+ 95. Kb8 Qd6+ 96. Kb7 Qd5+ 97. Kb6 Qd4+ 98. Ka5 Qc5+ 99. Ka4 Qc4+ 100. Ka3 Nd4 101. Qb8+ Ke3 102. d8=Q Qc3+ 103. Ka2 Qc4+ 104. Kb2 Qc2+ 105. Ka3 Qc5+ 106. Ka2 Qc4+ 107. Ka3 Qc3+ 108. Ka2 Qc4+ 1/2-1/2


[Site "https://www.chess.com"]

[Event "Titled Tuesday Blitz November 07 Early 2023"]
[White "CrazyAdvenTures"]
[Black "Martinez Alcantara, Jose Eduardo"]
[BlackFideId "3805662"]
[WhiteElo "2829"]
[BlackElo "3056"]
[Result "0-1"]
[Round "6"]
[TimeControl "180+1"]
[Date "2023.11.07"]
[WhiteClock "0:00:04"]
[BlackClock "0:00:40"]
[Board "3"]

1. e4 c5 2. Nf3 d6 3. d4 cxd4 4. Nxd4 a6 5. Nc3 e6 6. g4 b5 7. a3 Bb7 8. g5 Ne7 9. h4 Nec6 10. Nb3 Be7 11. Rg1 Nd7 12. h5 g6 13. Be3 Qc7 14. f4 Nc5 15. Nd4 O-O-O 16. Qf3 Kb8 17. O-O-O b4 18. Nxc6+ Qxc6 19. axb4 Nxe4 20. Nxe4 Qxe4 21. Qxe4 Bxe4 22. Bxa6 gxh5 23. Bd4 Rhg8 24. Bd3 Bxd3 25. Rxd3 h6 26. Be3 e5 27. gxh6 Rxg1+ 28. Bxg1 exf4 29. Bd4 Bg5 30. h7 f6 31. Rh3 h4 32. c4 Rh8 33. c5 Kc7 34. b5 dxc5 35. Bxc5 Rxh7 36. b6+ Kc6 37. Rc3 h3 38. Bg1+ Kb7 39. Ra3 h2 40. Ra7+ Kc6 41. Bxh2 Rxh2 42. b7 Kc7 0-1


[Site "https://www.chess.com"]

[Event "Titled Tuesday Blitz November 07 Early 2023"]
[White "Carlsen, Magnus"]
[Black "Taher, Yoseph Theolifus"]
[WhiteFideId "1503014"]
[BlackFideId "7105347"]
[WhiteElo "3265"]
[BlackElo "2894"]
[Result "1-0"]
[Round "6"]
[TimeControl "180+1"]
[Date "2023.11.07"]
[WhiteClock "0:01:39"]
[BlackClock "0:00:09"]
[Board "4"]

1. Nf3 Nf6 2. b3 d5 3. Bb2 Bf5 4. Nh4 Bc8 5. e3 c6 6. Be2 g6 7. O-O Bg7 8. c4 O-O 9. d4 a5 10. Nc3 e6 11. Nf3 Nbd7 12. Qc2 Re8 13. Rfd1 Qe7 14. Rac1 b6 15. cxd5 exd5 16. Bf1 Bb7 17. g3 Ne4 18. Bg2 Nxc3 19. Bxc3 b5 20. a3 Qxa3 21. Ra1 Qd6 22. Rxa5 b4 23. Rxa8 Rxa8 24. Bd2 c5 25. Rc1 Rc8 26. Qb1 cxd4 27. Rxc8+ Bxc8 28. exd4 Nb8 29. Qe1 Be6 30. Bxb4 Qb6 31. Qc3 Nc6 32. Bc5 Qa6 33. Bf1 Qa2 34. b4 Nb8 35. b5 Nd7 36. Qa3 Qb1 37. Qa8+ Bf8 38. Bxf8 Nxf8 39. h4 Bh3 40. Nd2 Qc1 41. b6 Bc8 42. Nb3 Qc3 43. Nc5 1-0


[Site "https://www.chess.com"]

[Event "Titled Tuesday Blitz November 07 Early 2023"]
[White "Andreikin, Dmitry"]
[Black "Makhnev, Denis"]
[WhiteFideId "4158814"]
[BlackFideId "13707647"]
[WhiteElo "3114"]
[BlackElo "2935"]
[Result "1-0"]
[Round "6"]
[TimeControl "180+1"]
[Date "2023.11.07"]
[WhiteClock "0:01:12"]
[BlackClock "0:00:03"]
[Board "5"]

1. d4 d5 2. c4 e6 3. Nf3 c6 4. Nbd2 f5 5. Ne5 Nd7 6. Ndf3 Ngf6 7. a3 Nxe5 8. Nxe5 Nd7 9. Bf4 Nxe5 10. Bxe5 Kf7 11. cxd5 exd5 12. e3 Bd6 13. f4 Bxe5 14. fxe5 Qh4+ 15. Kd2 Rf8 16. Bd3 f4 17. exf4 Qxf4+ 18. Kc3 Kg8 19. Rf1 Qg5 20. Bxh7+ Kxh7 21. Rxf8 Bf5 22. Rxa8 Qe3+ 23. Kb4 b6 24. Qh5+ 1-0


[Site "https://www.chess.com"]

[Event "Titled Tuesday Blitz November 07 Early 2023"]
[White "Khismatullin, Denis"]
[Black "Firouzja, Alireza"]
[WhiteFideId "4142578"]
[BlackFideId "12573981"]
[WhiteElo "2943"]
[BlackElo "3077"]
[Result "0-1"]
[Round "6"]
[TimeControl "180+1"]
[Date "2023.11.07"]
[WhiteClock "0:00:00"]
[BlackClock "0:01:12"]
[Board "6"]

1. e4 a6 2. d4 c6 3. c3 d5 4. Nd2 dxe4 5. Nxe4 Bf5 6. Bd3 e6 7. Nf3 Nd7 8. O-O Ngf6 9. Nxf6+ Qxf6 10. Bg5 Qg6 11. Bxf5 Qxf5 12. Qd2 Bd6 13. Rfe1 O-O 14. Rad1 b5 15. b3 a5 16. Bh4 a4 17. Bg3 Bxg3 18. hxg3 axb3 19. axb3 Ra3 20. Ne5 Nxe5 21. Rxe5 Qg6 22. b4 Rfa8 23. Rc5 Ra2 24. Qf4 R2a6 25. g4 h6 26. g3 Ra1 27. Qf3 Qf6 28. Qd3 R8a2 29. f4 Qg6 30. Qf3 Qc2 0-1


[Site "https://www.chess.com"]

[Event "Titled Tuesday Blitz November 07 Early 2023"]
[White "Bluebaum, Matthias"]
[Black "Zhigalko, Sergei"]
[WhiteFideId "24651516"]
[BlackFideId "13502956"]
[WhiteElo "3069"]
[BlackElo "2896"]
[Result "1-0"]
[Round "6"]
[TimeControl "180+1"]
[Date "2023.11.07"]
[WhiteClock "0:01:00"]
[BlackClock "0:00:02"]
[Board "7"]

1. d4 Nf6 2. c4 e6 3. Nc3 Bb4 4. e3 O-O 5. Bd2 b6 6. Nf3 Bb7 7. Bd3 d6 8. O-O Re8 9. a3 Bxc3 10. Bxc3 Ne4 11. Be1 Nd7 12. Kh1 f5 13. Ng1 Qg5 14. f3 Nef6 15. Qe2 e5 16. d5 e4 17. fxe4 fxe4 18. Bc2 Ne5 19. Nh3 Qh6 20. Nf4 Bc8 21. Bg3 Bg4 22. Qd2 Re7 23. Qc3 Rf8 24. Rae1 Nd3 25. Nxd3 exd3 26. Qxd3 Ne4 27. Rxf8+ Kxf8 28. Rf1+ Kg8 29. Be1 Qh5 30. Qd4 Bf5 31. Kg1 Bg6 32. Qd1 Qxd1 33. Bxd1 Nc5 34. Bg4 h5 35. Bf3 Bd3 36. Rf2 Bxc4 37. Rc2 Bd3 38. Rc3 Bg6 39. Bh4 Rf7 40. Rc4 Bd3 41. Rd4 Bg6 42. b4 Nd3 43. Bg3 Ne5 44. Bxe5 dxe5 45. Rc4 Bd3 46. Rc1 h4 47. Bg4 Kf8 48. Be6 Rf6 49. h3 c5 50. bxc5 bxc5 51. Rxc5 Rf1+ 52. Kh2 Rf2 53. d6 Be4 54. Rc8# 1-0


[Site "https://www.chess.com"]

[Event "Titled Tuesday Blitz November 07 Early 2023"]
[White "Le, Quang Liem"]
[Black "Talibov, Shiroghlan"]
[WhiteFideId "12401137"]
[BlackFideId "13429078"]
[WhiteElo "3052"]
[BlackElo "2901"]
[Result "1-0"]
[Round "6"]
[TimeControl "180+1"]
[Date "2023.11.07"]
[WhiteClock "0:00:13"]
[BlackClock "0:00:00"]
[Board "8"]

1. Nf3 Nf6 2. c4 e6 3. Nc3 d5 4. e3 b6 5. b3 Bb7 6. Bb2 Nbd7 7. Rc1 a6 8. cxd5 exd5 9. Ne2 g6 10. g3 Bg7 11. Bg2 O-O 12. O-O Re8 13. b4 c5 14. bxc5 bxc5 15. d3 Nh5 16. Qc2 Rc8 17. Rfd1 Bc6 18. Bxg7 Nxg7 19. Nd2 Ne6 20. Nb3 a5 21. a4 Bxa4 22. Bxd5 Ne5 23. Nc3 Bc6 24. Bxc6 Rxc6 25. Ra1 Ra6 26. Ne4 Qa8 27. Nbd2 Rd8 28. Qc3 Nd7 29. Nc4 f5 30. Ned2 Ng5 31. h4 Nh3+ 32. Kf1 Qh1+ 33. Ke2 Qg2 34. Rf1 Re6 35. Qb3 Rde8 36. Rxa5 f4 37. Ne4 Ng1+ 38. Rxg1 f3+ 39. Kd2 Qxg1 40. Ncd6 Kg7 41. Nxe8+ Rxe8 42. Ra7 Re7 43. Qb5 Kh6 44. Rxd7 Rxe4 45. dxe4 Qxf2+ 46. Kd1 Qg1+ 47. Kc2 f2 48. Qb7 Kh5 49. Rxh7+ Kg4 50. Qd7+ Kxg3 51. Rg7 Kh2 52. Qd6+ Kh1 53. Rf7 f1=Q 54. Rxf1 Qxf1 55. Qxc5 Qe2+ 56. Kc3 Qf2 57. Qg5 Qf7 58. e5 Qd5 59. Qf4 Qc5+ 60. Kd3 Qd5+ 61. Ke2 Qa2+ 62. Kd3 Qd5+ 63. Qd4 Qb5+ 64. Ke4 Kg2 65. Kf4 Qb6 66. Qxb6 1-0


[Site "https://www.chess.com"]